AoeStats
← 联通专业户

Nomad

510515828Analyzed
4v4 RM · 12h ago on Oct 1, 2026· 45m 36s· 8 players
Game mode
Random Map
Map size
231×231
Population
200
Speed
Normal
Resources
Standard
Victory
Conquest
Starting age
Dark Age
Ending age
Imperial Age
RankedLock teamsTeams togetherTeam positionsShared explorationLock speedFull tech treeHidden civsTurbo modeCheats
Victory
Defeat
🇨🇳 Chinese · China
992
+12
🇨🇳 Vikings · China
983
+13
🇨🇳 Mongols · China
850
+18
🇦🇷 Bulgarians · Argentina
845
+19
🇹🇷 Persians · Türkiye
917
-16
912
-16
🇦🇷 Mongols · Argentina
899
-15
🇨🇳 Malay · China
885
-15
Skucuker
9:43 Loom
16:05 Feudal Age
16:44 Double-Bit Axe
18:05 Horse Collar
18:51 Fishing Lines
23:13 Castle Age
24:59 Gold Mining
26:48 Scale Barding Armor
26:55 Forging
26:49 Husbandry
26:59 Bloodlines
30:52 Gold Shaft Mining
30:34 Heavy Plow
30:46 Bow Saw
31:04 Stone Mining
36:22 Wheelbarrow
36:15 Chain Barding Armor
Inferno-_-
12:14 Loom
14:33 Feudal Age
15:05 Double-Bit Axe
18:08 Forging
19:20 Bloodlines
20:05 Fletching
31:09 Castle Age
29:51 Padded Archer Armor
30:16 Stone Mining
30:17 Gold Mining
32:24 Wheelbarrow
32:28 Bow Saw
31:58 Crossbowman
33:06 Bodkin Arrow
37:16 Leather Archer Armor
43:50 Imperial Age
42:06 Scale Barding Armor
43:14 Gold Shaft Mining
天皇陛下孙笑川
14:42 Feudal Age
13:21 Loom
15:10 Double-Bit Axe
22:29 Castle Age
20:54 Stone Mining
35:24 Gold Mining
995549007
4:19 Loom
16:30 Feudal Age
16:06 Fishing Lines
16:45 Double-Bit Axe
27:38 Castle Age
29:04 Thalassocracy
30:17 Gillnets
30:41 Fletching
31:02 Forging
31:06 Treadmill Crane
37:04 Wheelbarrow
37:07 Iron Casting
42:24 Imperial Age
39:57 Gold Mining
39:59 Stone Mining
42:36 Gold Shaft Mining
42:28 Conscription
43:48 Blast Furnace
Facuxx26
3:59 Loom
15:10 Feudal Age
18:51 Wheelbarrow
27:12 Castle Age
37:16 Double-Bit Axe
观音的害怕
17:26 Feudal Age
18:36 Double-Bit Axe
18:34 Horse Collar
26:07 Castle Age
28:03 Bow Saw
28:59 Heavy Plow
联通专业户
4:15 Loom
14:43 Feudal Age
15:46 Double-Bit Axe
15:57 Gold Mining
20:38 Castle Age
21:17 Fletching
21:40 Forging
21:46 Bow Saw
22:39 Wheelbarrow
23:40 Medium Warships
25:22 Hand Cart
26:38 Horse Collar
30:23 Stone Mining
31:08 Gold Shaft Mining
30:23 Stone Mining
30:58 Fletching
31:09 Padded Archer Armor
31:10 Scale Mail Armor
34:00 Imperial Age
32:28 Leather Archer Armor
32:31 Town Watch
33:19 Bodkin Arrow
33:40 Chain Mail Armor
34:00 Iron Casting
33:31 Scale Barding Armor
34:19 Stone Shaft Mining
34:44 Town Patrol
35:33 Pikeman
37:58 Chemistry
37:20 Ballistics
37:39 Ring Archer Armor
37:09 Bracer
37:39 Ring Archer Armor
37:40 Plate Mail Armor
40:38 Conscription
41:01 Bombard Tower
40:54 Masonry
42:14 Blast Furnace
41:34 Chain Barding Armor
41:16 Murder Holes
41:00 Halberdier
43:23 Elite Chu Ko Nu
沙正街小霸王
4:37 Loom
15:36 Feudal Age
17:13 Double-Bit Axe
21:41 Castle Age
19:57 Fletching
20:04 Fishing Lines
20:08 Horse Collar
20:46 Forging
21:34 Gold Mining
23:08 Bow Saw
23:47 Heavy Plow
25:22 Ballistics
24:47 Crossbowman
26:41 Iron Casting
28:07 Town Watch
30:27 Treadmill Crane
38:13 Imperial Age
36:00 Masonry
36:56 Chieftains
37:45 Gold Shaft Mining
37:55 Bodkin Arrow
38:47 Scale Mail Armor
38:48 Padded Archer Armor
40:42 Two-Man Saw
40:53 Squires
40:38 Arson
42:35 Conscription
44:31 Siege Engineers
45:10 Stone Mining
Connection lost

Rejoining the realm…

Still unreachable

The connection could not be restored.

Session expired

The server has moved on; the page needs a fresh start.